 Dungeon Crawl Stone Soup version 0.30.1-3-gfc49f6343a (webtiles) character file.

Game seed: 4232019381946540746

100 EWolf27 the Slasher (level 4, 0/41 HPs)
             Began as a Minotaur Berserker on July 21, 2023.
             Was a Believer of Trog.
             Succumbed to an adder's poison
             ... on level 3 of the Dungeon.
             The game lasted 00:05:58 (1566 turns).

EWolf27 the Slasher (Minotaur Berserker)            Turns: 1566, Time: 00:05:58

Health: 0/41       AC: 11    Str: 23    XL:     4   Next: 46%
Magic:  3/3        EV:  7    Int:  4    God:    Trog [**....]
Gold:   84         SH:  0    Dex: 10    Spells: 3/3 levels left

rFire   . . .        a - +0 falchion
rCold   . . .        (no shield)
rNeg    . . .        h - +0 plate armour
rPois   .            (helmet restricted)
rElec   .            (no cloak)
rCorr   .            (no gloves)
SInv    .            (no boots)
Will    .....        (no amulet) Stlth
                     (no ring)
HPRegen 0.26/turn    (no ring)
MPRegen 0.08/turn

%: no passive effects
@: lethally poisoned (0 -> -6)
A: horns 2, retaliatory headbutt
a: Renounce Religion, Berserk, Trog's Hand


You were on level 3 of the Dungeon.
You worshipped Trog.
Trog was pleased with you.
You visited 1 branch of the dungeon, and saw 3 of its levels.

You collected 84 gold pieces.

Inventory:

Hand Weapons
 a - a +0 falchion (weapon)
 g - a +0 hand axe of freezing
Armour
 h - a +0 plate armour (worn)
Scrolls
 c - a scroll of vulnerability {unknown}
 d - a scroll of identify {unknown}
 i - a scroll of blinking {unknown}
 j - a scroll of poison {unknown}
 k - 2 scrolls of enchant weapon {unknown}
 l - 2 scrolls of fog {unknown}
 m - a scroll of teleportation {unknown}
Potions
 e - 2 potions of haste {unknown}
 f - 2 potions of resistance {unknown}
 n - a potion of curing {unknown}
 o - a potion of lignification {unknown}


   Skills:
 + Level 4.6 Fighting
 + Level 5.0 Long Blades
 + Level 3.4 Armour
 + Level 2.5 Dodging


You had 3 spell levels left.
You didn't know any spells.
Your spell library was empty.

Dungeon Overview and Level Annotations

Branches:
Dungeon (3/15)

Altars:


Innate Abilities, Weirdness & Mutations

You have a pair of horns on your head.
You reflexively headbutt those who attack you in melee.


Message History

You hear a shout!
The gnoll splashes around in the water.
A worm comes into view.
You hit the gnoll.
You kill the gnoll!
Trog accepts your kill.
You hear a splash.
The adder bites you but does no damage.
Your Long Blades skill increases to level 5!
You hit the adder but do no damage. The adder bites you but does no damage.
An orc comes into view. It is wielding a +0 whip.
You closely miss the adder. The adder bites you but does no damage.
The adder barely misses you. You furiously retaliate!
You headbutt the adder. You closely miss the adder. You headbutt the adder.
The adder is severely wounded.
The adder barely misses you.
You miss the adder.
The adder is severely wounded.
The adder bites you but does no damage.
You barely miss the adder.
The adder is severely wounded.
The adder bites you.
You are poisoned.
The adder poisons you!
The ogre hits you with a +0 giant spiked club!
The adder barely misses you. The adder attacks as you move away!
The adder bites you but does no damage.
You feel sick.
Something bites the plant.
The plant begins to die.
The adder attacks as you move away! The adder bites you.
You are more poisoned.
The adder poisons you! The ogre attacks as you move away!
The ogre hits you with a +0 giant spiked club!
* * * LOW HITPOINT WARNING * * *
x2 You feel sick.
The adder attacks as you move away! The adder bites you but does no damage.
* * * LOW HITPOINT WARNING * * *
You feel sick.
You barely miss the adder.
The adder is severely wounded.
You die...

#.##### #.## ##.## #>.#
#...# #..# #...# #..###
#...### #....# #.....#
#.##.# #.....# #.# ...
##....# #.# ### #....#
#@# #....# #S# ###
#....# ##o##.w... #..[.#
#.O..P.... #....#
##P)~~.... #....#
P~~~♣~P..
########.#####..~.~~~...
.......#(#.......~~~~~..
######(#...####♣~~≈~~~.#


You could see an ogre, an adder and an orc.

Vanquished Creatures
  An orc priest (D:3)
  2 gnolls
  2 adders (D:2)
  2 orcs (D:3)
  3 ball pythons
  2 endoplasms
  2 giant cockroaches (D:1)
  3 goblins
  2 hobgoblins (D:2)
  3 kobolds
  5 bats
  A frilled lizard (D:1)
  4 rats
32 creatures vanquished.

Notes
Turn   | Place    | Note
-------+----------+-------------------------------------------
     0 | D:1      | EWolf27 the Minotaur Berserker began the quest for the Orb.
     0 | D:1      | Reached XP level 1. HP: 19/19 MP: 0/0
   303 | D:1      | Reached skill level 4 in Long Blades
   303 | D:1      | Reached XP level 2. HP: 15/27 MP: 1/1
   916 | D:2      | Found a faded altar of an unknown god.
   944 | D:2      | Reached XP level 3. HP: 33/33 MP: 2/2
  1418 | D:3      | Reached XP level 4. HP: 33/41 MP: 3/3
  1421 | D:3      | Reached ** piety under Trog
  1555 | D:3      | Noticed an ogre
  1558 | D:3      | Reached skill level 5 in Long Blades
  1565 | D:3      | HP: 1/41 [poisoned by an adder]
  1566 | D:3      | Succumbed to an adder's poison

Illustrated notes

Levels and vault maps discovered:
D:1:      dpeg_arrival_connections, layout_basic
D:2:      layout_rooms, shapermc_ecumenical_altar_venn
D:3:      layout_basic, serial_bayou, serial_bayou_shore_a, serial_bayou_pond_b,
          serial_bayou_pond_e, serial_bayou_shore_b

Skill      XL: |  1  2  3  4 |
---------------+-------------+-----
Long Blades    | 4 5 |  5.0
Fighting       | 4 |  4.6
Armour         | 3 |  3.4
Dodging        | |  2.5

Action                     |  1- 3 |  4- 6 || total
---------------------------+-------+-------++-------
  Melee: Falchion          |    78 |    17 ||    95
         Headbutt          |     7 |     1 ||     8
 Invoke: Berserk           |     2 |       ||     2
 Armour: Animal skin       |     5 |       ||     5
         Plate armour      |    42 |     9 ||    51
  Dodge: Dodged            |    36 |     3 ||    39
